 Dungeon Sprint DCSS version 0.25.1-2-g60ff931df9 (webtiles) character file.

Game seed: 10966052478905953564

3595 howech the Thaumaturge (level 10, -10/81 HPs)
             Began as a Gnoll Fire Elementalist on Oct 23, 2020.
             Was a High Priest of Okawaru.
             Blown up by an eye of devastation (27 damage)
             ... with a bolt of energy
             ... in the Dungeon (Sprint V: "Ziggurat Sprint").
             The game lasted 00:04:02 (585 turns).

howech the Thaumaturge (Gnoll Fire Elementalist)     Turns: 585, Time: 00:04:03

Health: -10/81     AC: 16    Str: 11    XL:     10   Next: 10%
Magic:  11/23      EV:  9    Int: 20    God:    Okawaru [*****.]
Gold:   0          SH:  0    Dex: 28    Spells: 27/28 levels left

rFire    + + .     SeeInvis .   J - +7 Singing Sword {vorpal, sonic wave}
rCold    x . .     Gourm    .   I - +18 shield of the Gong {rElec rN+ MR+ EV-5}
rNeg     + . .     Faith    .   b - +5 fire dragon scales
rPois    .         Spirit   .   (no helmet)
rElec    +         Reflect  .   (no cloak)
rCorr    .         Harm     .   (no gloves)
MR       +....     NoTele   +   (no boots)
Stlth    ..........             (no amulet)
HPRegen  0.23/turn              C - +6 ring of dexterity
MPRegen  0.18/turn              D - +6 ring of dexterity

@: confused, studying Shields
A: distributed training, fangs 1, strong nose
a: Heroism, Finesse, Renounce Religion


You were in the Dungeon.
You worshipped Okawaru.
Okawaru was extremely pleased with you.
You were not hungry.

You visited 1 branch

Inventory:

Hand Weapons
 J - the +7 Singing Sword (weapon) {vorpal, sonic wave}
   (You found it in the Dungeon)

   It inflicts extra damage upon your enemies.
Armour
 a - a +0 robe
 b - +5 fire dragon scales (worn)
 j - +5 gold dragon scales
 k - +5 shadow dragon scales
 l - +5 storm dragon scales
 I - the +18 shield of the Gong (worn) {rElec rN+ MR+ EV-5}
   (You found it in the Dungeon)

   It affects your evasion (-5).
   It insulates you from electricity.
   It protects you from negative energy.
   It affects your resistance to hostile enchantments.
Magical Staves
 p - an uncursed staff of wizardry
Jewellery
 B - a +6 ring of dexterity
 C - a +6 ring of dexterity (left hand)
 D - a +6 ring of dexterity (right hand)
 E - a +6 ring of intelligence
 G - an uncursed ring of magical power
 H - a +6 ring of strength
Wands
 y - a wand of disintegration (7)
 z - a wand of iceblast (7)
 A - a wand of acid (7)
Scrolls
 i - 4 scrolls of blinking
 s - 4 scrolls of amnesia
 t - 7 scrolls of fog
 u - a scroll of holy word
 v - 5 scrolls of identify
 w - 5 scrolls of remove curse
 x - 2 scrolls of fear
 F - 4 scrolls of enchant weapon
Potions
 d - 10 potions of curing
 e - 10 potions of heal wounds
 f - 5 potions of haste
 g - 7 potions of magic
 h - 3 potions of berserk rage
 m - 2 potions of brilliance
 o - 4 potions of resistance
 q - 3 potions of stabbing
 r - 5 potions of might
Books
 n - a manual of Shields
Comestibles
 c - 7 rations


   Skills:
 + Level 8.3 Fighting
 + Level 8.3 Short Blades
 + Level 8.3 Long Blades
 + Level 8.3 Axes
 + Level 8.3 Maces & Flails
 + Level 8.3 Polearms
 + Level 8.3 Staves
 + Level 8.3 Slings
 + Level 8.3 Bows
 + Level 8.3 Crossbows
 + Level 8.3 Throwing
 + Level 8.3 Armour
 + Level 9.5 Dodging
 + Level 9.4 Stealth
 + Level 9.5 Shields
 + Level 8.3 Unarmed Combat
 + Level 9.7 Spellcasting
 + Level 7.3 Conjurations
 + Level 6.9 Hexes
 + Level 6.9 Charms
 + Level 6.9 Summonings
 + Level 6.9 Necromancy
 + Level 6.9 Translocations
 + Level 6.9 Transmutations
 + Level 8.9 Fire Magic
 + Level 6.9 Ice Magic
 + Level 6.9 Air Magic
 + Level 6.9 Earth Magic
 + Level 6.9 Poison Magic
 + Level 9.1 Invocations
 + Level 8.3 Evocations


You had 27 spell levels left.
You knew the following spells:

 Your Spells              Type           Power        Failure   Level  Hunger
a - Foxfire               Conj/Fire      ####         3%          1    None

Your spell library contained the following spells:

 Spells                   Type           Power        Failure   Level  Hunger
 Corona                   Hex            #####..      4%          1    None
 Slow                     Hex            #####...     8%          2    None
 Conjure Flame            Conj/Fire      #####...     10%         3    None
 Inner Flame              Hex/Fire       #####...     10%         3    None
 Portal Projectile        Hex/Tloc       #####.       16%         3    None
 Sticky Flame             Conj/Fire      #####...     30%         4    ##.....
 Cause Fear               Hex            #####.....   45%         4    ##.....
 Leda's Liquefaction      Hex/Erth       #####.....   45%         4    ##.....
 Fireball                 Conj/Fire      #####.....   65%         5    #####..


Dungeon Overview and Level Annotations

Branches:
Dungeon (1/1)

Altars:
Ashenzari
Cheibriados
Dithmenos
Elyvilon
Fedhas
Gozag
Hepliaklqana
Kikubaaqudgha
Makhleb
Nemelex Xobeh
Okawaru
Qazlal
Ru
Sif Muna
Trog
Uskayaw
Vehumet
Wu Jian
Xom
Yredelemnul
Zin
The Shining One
Beogh
Jiyva
Lugonu

Annotations:
D 1 transporter


Innate Abilities, Weirdness & Mutations

Your experience applies equally to all skills.
You have very sharp teeth.
Your uncanny sense of smell can sniff out nearby items.


Message History

The eye of draining gazes at you.
You feel your power leaking away.
The golden eye blinks!
The eye of devastation gazes at you. The bolt of energy hits you!!!
Ouch! That really hurt!
Unknown command.
Unknown command.
The eye of devastation gazes at you. The bolt of energy hits you!!
* * * LOW HITPOINT WARNING * * *
The eye of draining gazes at you.
You feel your power leaking away.
Unknown command.
You're too confused to move!
The golden eye blinks!
The golden eye blinks at you. You resist with almost no effort.
The eye of devastation gazes at you. The bolt of energy hits you!!
You die...

▓.......▓
▓.▓...▓.▓
▓...©...▓
▓▓▓▓▓▓▓▓▓
▓..8©8..▓
∆∆∆
▓..[}[..▓
∆∆
▓..|))..▓
▓.......▓
▓..@..G.▓
▓..GG...▓
▓..§....▓
▓.▓...▓.▓
▓...©...▓
▓▓▓▓▓▓▓▓▓
∆ ∆∆∆∆∆ ∆
∆∆∆∆


You could see an eye of devastation, an eye of draining and a golden eye.

Vanquished Creatures
  A sun demon (D)
  2 deep elf archers (D)
  3 toenail golems (D)
  2 air elementals (D)
  A golden eye (D)
  2 insubstantial wisps (D)
  An ice beast (D)
  3 earth elementals (D)
  An orc priest (D)
  2 orc wizards (D)
  A quasit (D)
  An iron imp (D)
  2 jellies (D)
  A white imp (D)
  2 orcs (D)
  2 giant cockroach simulacra (D)
27 creatures vanquished.

Notes
Turn   | Place    | Note
-------+----------+-------------------------------------------
     0 | D        | howech the Gnoll Fire Elementalist began the quest for the
                  | Orb.
     0 | D        | Reached XP level 1. HP: 13/13 MP: 6/6
     5 | D        | Found a blossoming altar of Fedhas.
     6 | D        | Found the +6 Majin-Bo {vamp, Archmagi MP+6 Int+6}
     6 | D        | Found the +7 great mace "Firestarter" {inner flame, rF++}
     7 | D        | Found a shimmering blue altar of Sif Muna.
     7 | D        | Found a sacrificial altar of Ru.
     7 | D        | Found a bloodstained altar of Trog.
     7 | D        | Found a stormy altar of Qazlal.
     7 | D        | Found an iron altar of Okawaru.
     7 | D        | Found a sparkling altar of Nemelex Xobeh.
     9 | D        | Found a transporter.
     9 | D        | Found an ancient bone altar of Kikubaaqudgha.
     9 | D        | Found a viscous altar of Jiyva.
     9 | D        | Found a corrupted altar of Lugonu.
     9 | D        | Found a hazy altar of Hepliaklqana.
     9 | D        | Found a burning altar of Makhleb.
     9 | D        | Found an opulent altar of Gozag.
    25 | D        | Found the +9 heavy crossbow "Sniper" {vorpal, Acc+∞ SInv}
    25 | D        | Found the +10 dark maul {vorpal}
    25 | D        | Found the +15 Maxwell's patent armour {-Cast -Tele rElec
                  | MR+ rCorr}
    25 | D        | Found the +18 shield of the Gong {rElec rN+ MR+ EV-5}
    25 | D        | Found the cursed +14 obsidian axe {vorpal, +Fly SInv
                  | *Curse}
    27 | D        | Found the +6 shillelagh "Devastator" {shatter}
    27 | D        | Found the +11 plutonium sword {*Contam Stlth-}
    27 | D        | Found the +8 lance "Wyrmbane" {slay drac, rPois rF+ rC+
                  | AC+3}
    27 | D        | Found the +9 sword of Zonguldrok {reap}
    27 | D        | Found the cursed +13 scythe of Curses {drain, *Curse}
    27 | D        | Found the +0 sword of Power
    27 | D        | Found the +7 mace of Variability {chain chaos}
    27 | D        | Found the +7 Singing Sword {vorpal, sonic wave}
    27 | D        | Found the +8 storm bow {elec, penet}
    33 | D        | Became a worshipper of Warmaster Okawaru
    34 | D        | Reached skill level 5 in Dodging
    34 | D        | Reached skill level 5 in Spellcasting
    34 | D        | Reached skill level 1 in Hexes
    34 | D        | Reached skill level 1 in Charms
    34 | D        | Reached skill level 1 in Summonings
    34 | D        | Reached skill level 1 in Necromancy
    34 | D        | Reached skill level 1 in Translocations
    34 | D        | Reached skill level 1 in Transmutations
    34 | D        | Reached skill level 1 in Ice Magic
    34 | D        | Reached skill level 1 in Air Magic
    34 | D        | Reached skill level 1 in Earth Magic
    34 | D        | Reached skill level 1 in Poison Magic
    34 | D        | Reached XP level 2. HP: 22/22 MP: 6/8
    66 | D        | Entered arena 2.
    66 | D        | Noticed a deep elf archer
    66 | D        | Noticed a deep elf archer
    66 | D        | Found a transporter.
    70 | D        | Killed a deep elf archer
    70 | D        | Reached * piety under Okawaru
    70 | D        | Reached ** piety under Okawaru
    70 | D        | Reached skill level 5 in Fighting
    70 | D        | Reached skill level 5 in Short Blades
    70 | D        | Reached skill level 5 in Long Blades
    70 | D        | Reached skill level 5 in Axes
    70 | D        | Reached skill level 5 in Maces & Flails
    70 | D        | Reached skill level 5 in Polearms
    70 | D        | Reached skill level 5 in Staves
    70 | D        | Reached skill level 5 in Slings
    70 | D        | Reached skill level 5 in Bows
    70 | D        | Reached skill level 5 in Crossbows
    70 | D        | Reached skill level 5 in Throwing
    70 | D        | Reached skill level 5 in Armour
    70 | D        | Reached skill level 5 in Shields
    70 | D        | Reached skill level 5 in Unarmed Combat
    70 | D        | Reached skill level 5 in Invocations
    70 | D        | Reached skill level 5 in Evocations
    70 | D        | Reached XP level 3. HP: 16/33 MP: 8/11
    70 | D        | Reached XP level 4. HP: 19/39 MP: 9/13
    70 | D        | Reached XP level 5. HP: 22/44 MP: 9/14
    70 | D        | Reached XP level 6. HP: 25/51 MP: 10/16
    70 | D        | Reached XP level 7. HP: 28/56 MP: 10/17
    72 | D        | Killed a deep elf archer
    72 | D        | Reached *** piety under Okawaru
    72 | D        | Reached skill level 5 in Conjurations
    72 | D        | Reached skill level 5 in Hexes
    72 | D        | Reached skill level 5 in Charms
    72 | D        | Reached skill level 5 in Summonings
    72 | D        | Reached skill level 5 in Necromancy
    72 | D        | Reached skill level 5 in Translocations
    72 | D        | Reached skill level 5 in Transmutations
    72 | D        | Reached skill level 5 in Ice Magic
    72 | D        | Reached skill level 5 in Air Magic
    72 | D        | Reached skill level 5 in Earth Magic
    72 | D        | Reached skill level 5 in Poison Magic
    72 | D        | Reached XP level 8. HP: 32/64 MP: 11/20
    80 | D        | Entered arena 3.
    80 | D        | Noticed a sun demon
    80 | D        | Found a transporter.
    85 | D        | Received a gift from Okawaru
    90 | D        | Killed a sun demon
    90 | D        | Reached **** piety under Okawaru
   360 | D        | Entered arena 4.
   360 | D        | Found a transporter.
   364 | D        | Reached XP level 9. HP: 72/72 MP: 19/21
   381 | D        | Entered arena 5.
   381 | D        | Found a transporter.
   523 | D        | Entered arena 6.
   523 | D        | Found a transporter.
   544 | D        | Entered arena 7.
   544 | D        | Noticed a toenail golem
   544 | D        | Noticed a toenail golem
   544 | D        | Noticed a toenail golem
   545 | D        | Found a transporter.
   550 | D        | Reached ***** piety under Okawaru
   552 | D        | Killed a toenail golem
   552 | D        | Received a gift from Okawaru
   552 | D        | Received a gift from Okawaru
   552 | D        | Killed a toenail golem
   552 | D        | Received a gift from Okawaru
   553 | D        | Killed a toenail golem
   553 | D        | Reached XP level 10. HP: 80/80 MP: 23/23
   559 | D        | Got the cursed ring of Wailu {rN+ EV-4 Str-2 Int+4}
   567 | D        | Entered arena 8.
   567 | D        | Noticed an eye of devastation
   568 | D        | Found a transporter.
   585 | D        | Blown up by an eye of devastation

Illustrated notes

Levels and vault maps discovered:
D:        sprint_v [room_start, room_1, room_2, room_3, room_4, room_5, room_6,
          room_7, room_8, room_9, room_10, room_11, room_12, room_13, room_14,
          room_15, room_16, room_17, room_18, room_19, room_20, room_21,
          room_22, room_23, room_24, room_25, room_26, room_27]

Skill      XL: |  1  2  3  4  5  6  7  8  9 |
---------------+----------------------------+-----
Fighting       | 2 5 6 7 8 |  8.3
Short Blades   | 2 5 6 7 8 |  8.3
Long Blades    | 2 5 6 7 8 |  8.3
Axes           | 2 5 6 7 8 |  8.3
Maces & Flails | 2 5 6 7 8 |  8.3
Polearms       | 2 5 6 7 8 |  8.3
Staves         | 2 5 6 7 8 |  8.3
Slings         | 2 5 6 7 8 |  8.3
Bows           | 2 5 6 7 8 |  8.3
Crossbows      | 2 5 6 7 8 |  8.3
Throwing       | 2 5 6 7 8 |  8.3
Armour         | 2 5 6 7 8 |  8.3
Dodging        | 5 7 8 9 |  9.5
Shields        | 2 5 6 7 9 |  9.5
Unarmed Combat | 2 5 6 7 8 |  8.3
Spellcasting   | 5 7 8 9 |  9.7
Conjurations   | 2 4 5 6 7 |  7.3
Hexes          | 1 4 5 6 |  6.9
Charms         | 1 4 5 6 |  6.9
Summonings     | 1 4 5 6 |  6.9
Necromancy     | 1 4 5 6 |  6.9
Translocations | 1 4 5 6 |  6.9
Transmutations | 1 4 5 6 |  6.9
Ice Magic      | 1 4 5 6 |  6.9
Air Magic      | 1 4 5 6 |  6.9
Earth Magic    | 1 4 5 6 |  6.9
Poison Magic   | 1 4 5 6 |  6.9
Invocations    | 2 5 6 7 9 |  9.1
Evocations     | 2 5 6 7 8 |  8.3
Stealth        | 6 7 8 9 |  9.4
Fire Magic     | 7 8 |  8.9

Action                   |  1- 3 |  4- 6 |  7- 9 | 10-12 || total
-------------------------+-------+-------+-------+-------++-------
Melee: Double sword      |     2 |       |    32 |     6 ||    40
       Bite              |       |       |     3 |     1 ||     4
Invok: Heroism           |       |       |     2 |       ||     2
  Use: Potion            |     3 |       |     3 |       ||     6
 Stab: Sleeping          |     3 |       |     5 |       ||     8
       Invisible         |       |       |     1 |       ||     1
Armor: Fire dragon scale |     1 |       |     4 |     1 ||     6
Dodge: Dodged            |     1 |       |     4 |     1 ||     6
Block: Kite shield       |     1 |       |    25 |     1 ||    27
       Rpst.: Double sword |     1 |       |     3 |       ||     4
